 Dungeon Crawl Stone Soup version 0.19.1-1-g22dce08 (webtiles) character file.

97 McKennaii the Magician (level 4, 0/27 HPs)
             Began as a High Elf Wizard on Jan 6, 2017.
             Killed from afar by an orc wizard (8 damage)
             ... with a magic dart
             ... on level 3 of the Dungeon.
             The game lasted 00:10:12 (1550 turns).

McKennaii the Magician (High Elf Wizard)            Turns: 1550, Time: 00:10:13

Health: 0/27       AC:  2    Str:  6    XL:     4   Next: 42%
Magic:  1/12       EV: 13    Int: 27    God:
Gold:   132        SH:  0    Dex: 14    Spells: 5 memorised, 3 levels left

rFire  + . .     SeeInvis .     (no weapon)
rCold  + . .     Gourm    .     a - +0 robe
rNeg   . . .     Faith    .     (no shield)
rPois  +         Spirit   .     b - +0 hat
rElec  +         Reflect  .     (no cloak)
rCorr  +         Harm     .     (no gloves)
MR     .....                    (no boots)
Stlth  ++........               (no amulet)
                                (no ring)
                                (no ring)

@: brilliant, resistant
A: no striking features
a: no special abilities


You were on level 3 of the Dungeon.
You were not hungry.

You visited 1 branch of the dungeon, and saw 3 of its levels.

You collected 132 gold pieces.

Inventory:

Armour
 a - a +0 robe (worn)
 b - a +0 hat (worn)
Scrolls
 e - a scroll of random uselessness {unknown}
 g - 3 scrolls of enchant armour {unknown}
 j - 4 scrolls of noise {unknown}
 k - 4 scrolls of identify {unknown}
 l - a scroll of recharging {unknown}
 m - 2 scrolls of fear {unknown}
 n - a scroll of enchant weapon {unknown}
 q - a scroll of magic mapping {unknown}
 r - a scroll of immolation {unknown}
Potions
 p - a potion of ambrosia {unknown}
Books
 c - a book of Minor Magic

   Spells                             Type                      Level
   a - Magic Dart                     Conjuration                  1
   b - Blink                          Translocation                2
   c - Call Imp                       Summoning                    2
   d - Repel Missiles                 Charms/Air                   2
   e - Slow                           Hexes                        2
   f - Conjure Flame                  Conjuration/Fire             3
   g - Mephitic Cloud                 Conjuration/Poison/Air       3
Comestibles
 d - 7 bread rations
 i - a slice of pizza


   Skills:
 + Level 3.1 Dodging
 + Level 2.5 Stealth
 + Level 5.0 Spellcasting
 + Level 1.4 Conjurations
 + Level 0.4 Hexes
 + Level 1.2 Summonings
 + Level 1.1 Translocations


You had 3 spell levels left.
You knew the following spells:

 Your Spells              Type           Power        Failure   Level  Hunger
a - Magic Dart            Conj           ####         1%          1    None
b - Call Imp              Summ           ####....     1%          2    None
c - Blink                 Tloc           N/A          1%          2    None
d - Slow                  Hex            ####....     1%          2    None
e - Conjure Flame         Conj/Fire      ####....     2%          3    #......


Dungeon Overview and Level Annotations

Branches:
Dungeon (3/15)

Altars:
Hepliaklqana
Makhleb


Message History

A shadowy apparition takes form in the air.
The orc wizard hits your shadow imp with a dagger.
The orc wizard points at you and mumbles some strange words.
The magic dart hits your shadow imp.
Your shadow imp hits the orc wizard.
The orc wizard casts a spell.
The orc wizard blinks!
You feel yourself speed up.
Your shadow imp barely misses the orc wizard.
The orc wizard closely misses your shadow imp.
Your shadow imp hits the orc wizard.
The orc wizard closely misses your shadow imp.
The orc wizard hits your shadow imp but does no damage.
Your shadow imp misses the orc wizard.
The orc wizard hits your shadow imp with a dagger.
Your shadow imp barely misses the orc wizard.
The orc wizard hits your shadow imp with a dagger.
Your shadow imp dies!
The orc wizard casts a spell at you. The magic dart hits you!
You die...

#........#.#..
#.......5#.#.#
#........#o...
#.......o#.#.#
#.......5#.#.#
####....o§....
#######).#.
##############)...
#@..............#.
#####o..........#.
#...........##
#o...........)
#.............
#..)#########.
#...# #. #...# #.
#...# ##


You could see an orc wizard.

Vanquished Creatures
  An adder (D:2)
  3 dart slugs (D:1)
  2 orcs (D:3)
  A giant cockroach (D:1)
  4 goblins
  3 hobgoblins (D:2)
  A ball python (D:1)
  5 bats
  3 frilled lizards (D:1)
  2 kobolds
  3 rats
28 creatures vanquished.

Vanquished Creatures (collateral kills)
  A hound (D:2)
  2 orc wizards (D:3)
  An adder (D:3)
  A giant cockroach (D:1)
  4 jackals (D:1)
9 creatures vanquished.

Grand Total: 37 creatures vanquished

Notes
Turn   | Place    | Note
-------+----------+-------------------------------------------
     0 | D:1      | McKennaii the High Elf Wizard began the quest for the Orb.
     0 | D:1      | Reached XP level 1. HP: 11/11 MP: 6/6
   289 | D:1      | Reached skill level 4 in Spellcasting
   303 | D:1      | Reached XP level 2. HP: 17/17 MP: 2/8
   307 | D:1      | Learned a level 2 spell: Call Imp
   310 | D:1      | Learned a level 2 spell: Blink
   313 | D:1      | Learned a level 2 spell: Slow
   742 | D:2      | Reached XP level 3. HP: 14/21 MP: 1/9
   917 | D:2      | Learned a level 3 spell: Conjure Flame
  1074 | D:2      | Found a burning altar of Makhleb.
  1338 | D:3      | Found a hazy altar of Hepliaklqana.
  1382 | D:3      | Reached skill level 1 in Summonings
  1503 | D:3      | Reached XP level 4. HP: 22/27 MP: 5/11
  1520 | D:3      | Reached skill level 5 in Spellcasting
  1550 | D:3      | Killed from afar by an orc wizard

Skill      XL: |  1  2  3  4 |
---------------+-------------+-----
Spellcasting   | 4 5 |  5.0
Dodging        | 3 |  3.1
Summonings     | 1 |  1.2
Stealth        | |  2.5
Conjurations   | |  1.4
Hexes          | |  0.4
Translocations | |  1.1

Action                   |  1- 3 |  4- 6 || total
-------------------------+-------+-------++-------
Melee: Unarmed           |    13 |       ||    13
 Cast: Magic Dart        |    74 |     7 ||    81
       Call Imp          |    10 |     1 ||    11
       Slow              |     2 |       ||     2
  Use: Potion            |       |     3 ||     3
  Eat: Bread ration      |     1 |       ||     1
Armor: Robe              |     8 |       ||     8
Dodge: Dodged            |    40 |     1 ||    41
